Cogmind - Beta 14 @@@ ROGUE MODE // 2024.09.02 @ 22:41:31 Player: celerysam Result: Destroyed by S-27 Virus with Autogun Performance ------------- Evolutions (6) 3000 Regions Visited (12) 2400 Robots Destroyed (68) 340 Value Destroyed (3172) 3172 Prototype IDs (4) 80 Alien Tech Used (0) 0 Bonus (4017) 4017 TOTAL SCORE: 13009 Bonus ------- Pacifist 200 High Alert Combat Kills 218 Follower Combat Kills 799 Entered Garrisons 800 Used RIF Installer 2000 Cogmind --------- Core Integrity 0/1150 Matter 239/300 Energy 90/100 System Corruption 8% Temperature Cool (21) Movement Flying (35) Location -4/Garrison Parts ------- > --- POWER (3) -------- (None) > --- PROPULSION (6) --- VTOL Module > --- UTILITY (6) ------ (None) > --- WEAPON (4) ------- (None) > --- INVENTORY (5) ---- Improved Cooling System Relay Coupler [NC] (42) Relay Coupler [Swarmer] (54) Relay Coupler [Sentry] (33) Improved Plasma Cutter Peak State ------------ > --- POWER ------------ Light Nuclear Core Light Angular Momentum Engine > --- PROPULSION ------- Carbon-fiber Leg Improved Carbon-fiber Leg Enhanced Flexi-carbon Leg Armored Huge Wheel Antigrav System > --- UTILITY ---------- Improved Cryofiber Web Medium Storage Unit Seismic Detector Improved Transmission Jammer Reaction Control System > --- WEAPON ----------- Tesla Rifle Heavy Phase Cannon Mass Driver Lance > --- INVENTORY -------- Improved VTOL Module Nuclear Pulse Thruster Field Propulsion Drive Field Propulsion Drive Improved Cooling System Authchip [R/Combat] Improved Datajack Remote Datajack Improved Plasma Cutter [Rating: 80] Favorites ----------- Power Light Nuclear Core Engine Ion Engine Power Core Light Nuclear Core Propulsion Carbon-fiber Leg Treads Medium Treads Leg Carbon-fiber Leg Wheel Armored Huge Wheel Hover Unit Airjet Flight Unit Improved VTOL Module Utility Improved Coolant Injector Device Improved Coolant Injector Storage Medium Storage Unit Processor Advanced Salvage Targeting Computer Hackware Authchip [R/Combat] Protection Light Armor Plating Weapon Lance Energy Gun Gatling Laser Energy Cannon Heavy Ion Cannon Ballistic Gun Minigun Ballistic Cannon Enhanced Gauss Cannon Launcher Mini Grenade Launcher Special Weapon Improved Plasma Cutter Slashing Weapon Axe Piercing Weapon Lance Special Melee Weapon Improved Datajack Build | -11 -10 -9 -8 -8 -7 -7 -7 -6 -6 -5 -4 -4 ------- Run | Yrd Mat Mat Mat Gar Fac Gar Fac Fac Gar Fac Fac Gar Slots Evolved 12 | . . 2 2 . 2 . . 2 . 2 2 . Power 2 | . . . 1 . . . . . . . 1 . Propulsion 4 | . . 2 . . 1 . . 1 . . . . Utility 4 | . . . 1 . 1 . . . . 1 1 . Weapon 2 | . . . . . . . . 1 . 1 . . Parts Attached 140 | 6 . 8 10 14 12 1 11 8 16 34 11 9 Power 17 | 1 . 1 2 2 1 1 2 1 1 4 . 1 Engine 8 | 1 . 1 1 1 1 . . 1 . 2 . . Core 9 | . . . 1 1 . 1 2 . 1 2 . 1 Reactor . | . . . . . . . . . . . . . Propulsion 55 | 2 . 3 4 4 9 . 3 4 6 12 5 3 Treads 12 | . . 3 . 1 3 . 2 1 1 . 1 . Leg 11 | . . . . . . . . 2 5 4 . . Wheel 3 | 2 . . . . . . . . . 1 . . Hover 12 | . . . 4 2 . . 1 1 . 3 . 1 Flight 17 | . . . . 1 6 . . . . 4 4 2 Utility 25 | 1 . 2 3 3 1 . 2 1 . 8 3 1 Device 13 | . . 1 1 1 1 . . 1 . 6 2 . Storage 6 | 1 . . 2 . . . 2 . . 1 . . Processor 2 | . . 1 . 1 . . . . . . . . Hackware 3 | . . . . . . . . . . 1 1 1 Protection 1 | . . . . 1 . . . . . . . . Artifact . | . . . . . . . . . . . . . Weapon 43 | 2 . 2 1 5 1 . 4 2 9 10 3 4 Energy Gun 10 | 2 . 1 1 1 1 . 1 1 . 2 . . Energy Cannon 6 | . . 1 . . . . 1 . 2 2 . . Ballistic Gun 8 | . . . . . . . . . 2 2 2 2 Ballistic Cannon 4 | . . . . . . . . . 1 2 1 . Launcher 5 | . . . . 1 . . 1 1 1 1 . . Special Weapon 1 | . . . . . . . . . . . . 1 Impact Weapon . | . . . . . . . . . . . . . Slashing Weapon 2 | . . . . 2 . . . . . . . . Piercing Weapon 5 | . . . . 1 . . 1 . 2 1 . . Special Melee Weapon 2 | . . . . . . . . . 1 . . 1 Unidentified Prototypes 4 | . . . . 1 1 . . . . 2 . . Parts Lost 65 | . . 1 . 3 4 2 . 5 10 14 14 12 Power 9 | . . . . . . . . 2 1 4 1 1 Propulsion 31 | . . . . 1 3 2 . 2 6 6 6 5 Utility 12 | . . . . 2 . . . . . 1 6 3 Weapon 13 | . . 1 . . 1 . . 1 3 3 1 3 Highest Loss Streak 8 | . . 1 . 1 4 2 . 4 6 8 6 8 To Critical Strikes 1 | . . . . 1 . . . . . . . . Average Slot Usage (%) 84 | . 85 95 92 90 87 84 93 87 92 85 46 29 Engine 3 | . 14 11 11 4 4 . . 2 3 1 1 . Core 5 | . . . 4 9 7 7 12 8 4 4 . 1 Treads 9 | . . 24 2 . 8 7 18 20 18 . 1 4 Leg 9 | . . . . . . . . 4 19 21 . . Wheel 2 | . 28 17 . . . . . . . 2 1 . Hover 5 | . . . 30 32 10 . 3 . . 2 . . Flight 5 | . . . . . 11 30 15 9 . . 19 6 Device 14 | . . 8 15 10 15 15 15 13 13 19 11 4 Storage 6 | . 14 11 9 9 7 7 7 6 6 5 3 . Processor 3 | . . . . 1 7 7 7 6 6 2 . . Energy Gun 4 | . 28 17 9 3 4 . 3 5 3 3 . . Energy Cannon 4 | . . 3 9 6 . . 2 6 8 4 . . Piercing Weapon 3 | . . . . 2 7 7 5 3 . 4 . . Peak Build Rating 80 | 6 6 12 28 50 55 48 58 64 70 80 73 52 Average Rating 50 | 4 6 10 23 30 47 44 52 60 63 66 50 37 On Entrance 34 | . 6 6 12 28 50 44 41 58 57 53 62 36 Naked Turns 1 | . . . . . . . . . . . . 1 Heaviest Build 77 | 14 14 18 37 26 25 16 64 68 77 55 35 14 Greatest Support 111 | 26 26 63 63 39 39 17 83 103 111 83 39 15 Greatest Overweight (x) 4 | 1 . . 2 . 4 1 1 . 2 4 1 1 Average Overweight (x) . | . . . . . . . . . . . . . Largest Inventory Capacity 20 | 8 8 8 15 8 8 8 20 20 20 20 10 5 Average Capacity 11 | 6 8 8 8 8 8 8 10 20 20 10 8 5 Most Carried 20 | 6 7 8 9 8 8 8 13 18 20 16 10 5 Average Carried 10 | 3 6 7 7 7 7 8 8 15 18 9 7 3 Final Capacity 20 | 8 8 8 8 8 8 8 20 20 20 10 5 5 Final Carried 18 | 6 7 7 8 8 8 8 13 18 17 10 5 5 Class Distribution -------------------- 59% | Mutant 18% | Scavenger-Gunner 11% | Scavenger-Mutant 8% | Scavenger-Tank Dominant Class ---------------- Mutant | -10/Materials Mutant | -9/Materials Mutant | -8/Materials Mutant | -8/Garrison Mutant | -7/Factory Scavenger-Mutant | -7/Garrison Mutant | -7/Factory Mutant | -6/Factory Scavenger-Gunner | -6/Garrison Scavenger-Gunner | -5/Factory Mutant | -4/Factory Mutant | -4/Garrison Resources | -11 -10 -9 -8 -8 -7 -7 -7 -6 -6 -5 -4 -4 ----------- Run | Yrd Mat Mat Mat Gar Fac Gar Fac Fac Gar Fac Fac Gar Matter Collected 1566 | 208 52 70 26 140 115 45 195 15 260 340 46 54 Remotely . | . . . . . . . . . . . . . Salvage Created 2336 | . . 420 26 255 115 45 148 321 359 593 . 54 Parts 115 | . . 21 5 18 5 2 5 13 10 32 . 4 Haulers Intercepted . | . . . . . . . . . . . . . Recyclers Shooed 2 | . . . . . . . 1 . . 1 . . Parts Field Recycled . | . . . . . . . . . . . . . Retrieved Matter . | . . . . . . . . . . . . . Parts Self-Destructed . | . . . . . . . . . . . . . Prevented . | . . . . . . . . . . . . . Kills | -11 -10 -9 -8 -8 -7 -7 -7 -6 -6 -5 -4 -4 ------- Run | Yrd Mat Mat Mat Gar Fac Gar Fac Fac Gar Fac Fac Gar Combat Hostiles Destroyed 59 | . . 11 . 10 4 1 3 7 8 14 . 1 Melee 7 | . . . . 1 3 1 1 . . 1 . . Guns 16 | . . 6 . 1 1 . . 2 4 1 . 1 Cannons 13 | . . 2 . 2 . . . . 3 6 . . AOE 22 | . . 2 . 6 . . 2 5 1 6 . . Classes Destroyed 10 | . . 4 1 . . 1 1 3 . . . . Worker 5 | . . . . . . . . 2 . 3 . . Builder 1 | . . . . . . . . 1 . . . . Recycler 2 | . . 1 . . . . . 1 . . . . Watcher 1 | . . . 1 . . . . . . . . . Swarmer 27 | . . 6 . 6 4 . . 3 4 4 . . Grunt 14 | . . 4 . 1 . . 2 2 3 2 . . Brawler 1 | . . . . . . . 1 . . . . . Sentry 8 | . . 1 . 3 . . . 1 1 2 . . Hunter 2 | . . . . . . . . 1 . 1 . . Programmer 7 | . . . . . . 1 . . . 5 . 1 Best Kill Streak 8 | . . 4 1 5 4 1 3 8 4 5 . 1 Combat Bots Only 5 | . . 3 . 5 4 1 3 5 4 3 . 1 Max Kills in Single Turn 6 | . . 3 1 2 1 1 1 6 1 3 . 1 Gunslinging 1 | . . 1 . . . . . . . . . . Exploded 3 | . . 2 . 2 . . 1 3 1 2 . . Melee 1 | . . . . 1 1 1 1 . . 1 . . Uniques/NPCs Destroyed . | . . . . . . . . . . . . . Combat | -11 -10 -9 -8 -8 -7 -7 -7 -6 -6 -5 -4 -4 -------- Run | Yrd Mat Mat Mat Gar Fac Gar Fac Fac Gar Fac Fac Gar Hostile Shots Fired 787 | . 1 63 4 30 36 49 9 76 139 146 102 132 Missed 276 | . . 21 2 15 10 19 3 30 46 53 41 36 Damage Taken 9162 | . 12 463 32 316 387 288 266 785 1476 2072 1308 1757 Core 1902 | . . 77 . 33 62 40 41 81 152 262 359 795 Absorbed by Shields 64 | . . . . . . . . . . . . 64 Core Remaining (%) 85 | 100 100 80 . 94 . . 79 . 72 73 . . Volleys Fired 129 | . . 26 1 14 4 . 6 8 20 32 . 18 Largest 4 | . . 2 2 2 1 . 2 3 3 4 . 2 Hottest 249 | . . 112 119 119 65 . 93 175 230 249 . 70 Shots Fired 240 | . . 44 2 21 4 . 10 17 46 72 . 24 Gun 124 | . . 39 1 4 4 . 6 8 22 25 . 15 Cannon 86 | . . 5 1 14 . . . 8 22 36 . . Launcher 21 | . . . . 3 . . 4 1 2 11 . . Special 9 | . . . . . . . . . . . . 9 Kinetic 43 | . . . . . . . . . 9 19 . 15 Thermal 105 | . . 15 1 4 . . 6 16 31 23 . 9 Explosive 21 | . . . . 3 . . 4 1 2 11 . . Electromagnetic 71 | . . 29 1 14 4 . . . 4 19 . . Robot Hit Streak 17 | . . 12 5 17 6 . 5 6 8 7 . 11 Robot Miss Streak 8 | . . 3 . 1 1 . 2 3 8 3 . 3 Penetration Max 2 | . . . . . . . . . . . . 2 Secondary Targets 2 | . . 2 . . . . . . . . . . Max Gunslinging Chain 1 | . . 1 . . . . . . . . . . Shots Hit Robots 179 | . . 36 2 16 6 3 8 14 39 43 . 12 Core Hits 120 | . . 14 2 14 4 1 7 20 18 35 . 5 Critical Kills . | . . . . . . . . . . . . . Critical Parts Destroyed . | . . . . . . . . . . . . . Critical Strikes 9 | . . 3 . 2 . . 1 . 1 2 . . Burn 4 | . . 2 . 2 . . . . . . . . Blast 1 | . . . . . . . . . . 1 . . Corrupt 2 | . . 1 . . . . . . . 1 . . Impale 2 | . . . . . . . 1 . 1 . . . Melee Attacks 60 | . . . . 19 9 4 1 . 17 10 . . Impact . | . . . . . . . . . . . . . Slashing 16 | . . . . 16 . . . . . . . . Piercing 40 | . . . . 3 9 4 1 . 13 10 . . Sneak Attacks 4 | . . . . . . . . . 4 . . . Combat Hostiles . | . . . . . . . . . . . . . Follow-up Attacks . | . . . . . . . . . . . . . Damage Inflicted 6936 | . . 612 57 693 175 140 337 1083 1263 2069 . 507 Guns 1864 | . . 387 17 70 62 . 70 183 290 282 . 503 Cannons 1769 | . . 123 40 202 . . . 163 216 1025 . . Explosions 2244 | . . 102 . 383 . . 222 737 152 648 . . Melee 1055 | . . . . 38 113 140 45 . 605 114 . . Ramming 4 | . . . . . . . . . . . . 4 Kinetic 1103 | . . . . . . . . . 118 482 . 503 Thermal 2169 | . . 213 17 151 . . 70 836 307 575 . . Explosive 1571 | . . . . 302 . . 222 247 152 648 . . Electromagnetic 1034 | . . 399 40 202 62 . . . 81 250 . . Impact . | . . . . . . . . . . . . . Slashing 38 | . . . . 38 . . . . . . . . Piercing 1017 | . . . . . 113 140 45 . 605 114 . . Highest Corruption 14 | . . 4 . . . 1 1 . . 14 . 8 Average Corruption 2 | . . 3 . . . 1 1 . . 3 . 2 Corruption Purged . | . . . . . . . . . . . . . Corruption Blocked . | . . . . . . . . . . . . . Effects 18 | . . 4 . . . . 2 . . 11 . 1 Message Errors 2 | . . . . . . . . . . 2 . . Matter Fused 3 | . . 1 . . . . . . . 2 . . Heat Flow Errors 2 | . . . . . . . . . . 1 . 1 Energy Discharges 3 | . . 1 . . . . . . . 2 . . Parts Rejected 1 | . . 1 . . . . . . . . . . Data Loss (minor) 3 | . . . . . . . 1 . . 2 . . Data Loss (major) 3 | . . 1 . . . . 1 . . 1 . . Misfires 1 | . . . . . . . . . . 1 . . Overload Shots . | . . . . . . . . . . . . . Overflow Damage 408 | . . 8 . 61 . 13 . 201 60 65 . . Projectiles 59 | . . . . . . . . . . 59 . . Explosions 291 | . . 8 . 61 . . . 201 15 6 . . Melee 58 | . . . . . . 13 . . 45 . . . Knockbacks 5 | . . . . . . . . . . 5 . . Impact . | . . . . . . . . . . . . . Kinetic 4 | . . . . . . . . . . 4 . . Secondary 1 | . . . . . . . . . . 1 . . Self-Inflicted Damage 597 | . . . . 73 . . 79 308 30 105 . 2 Shots 14 | . . . . 3 . . 2 4 1 4 . . Rammed 2 | . . 1 . . . . . . . . . 1 Targets Rammed 2 | . . 1 . . . . . . . . . 1 Kicked . | . . . . . . . . . . . . . Crushed . | . . . . . . . . . . . . . Highest Temperature 578 | . . 72 42 190 98 . 32 194 163 578 16 251 Average Temperature 91 | . . 25 26 50 53 . 13 115 51 223 16 122 Received Heat Transfer 1344 | . 6 168 . 135 . 54 18 84 333 144 254 148 Effects 10 | . . . . . . . . . . 10 . . Shutdowns 2 | . . . . . . . . . . 2 . . Short Circuit 3 | . . . . . . . . . . 3 . . Damage (minor) 2 | . . . . . . . . . . 2 . . Damage (major) 3 | . . . . . . . . . . 3 . . Siege Activations . | . . . . . . . . . . . . . Robots Corrupted 1 | . . 1 . . . . . . . . . . Combat Hostiles 1 | . . 1 . . . . . . . . . . Parts Fried 2 | . . . 1 1 . . . . . . . . Impact Corruptions . | . . . . . . . . . . . . . Robots Melted . | . . . . . . . . . . . . . Combat Hostiles . | . . . . . . . . . . . . . Parts Melted 6 | . . . . 2 . . . 2 . 2 . . Heat Transferred 3315 | . . 631 37 446 . . 148 947 514 592 . . Parts Sabotaged . | . . . . . . . . . . . . . Parts Stolen . | . . . . . . . . . . . . . Parts Stripped . | . . . . . . . . . . . . . Power Chain Reactions 2 | . . 1 . 1 . . . . . . . . Alert | -11 -10 -9 -8 -8 -7 -7 -7 -6 -6 -5 -4 -4 ------- Run | Yrd Mat Mat Mat Gar Fac Gar Fac Fac Gar Fac Fac Gar Peak Influence 994 | . 15 374 269 660 398 368 280 314 994 617 450 326 Initial 511 | . . 5 157 174 346 278 182 39 79 511 244 311 Average 355 | . 11 218 186 489 380 300 219 126 507 495 320 305 Maximum Alert Level 3 | . . 1 1 2 1 1 1 1 3 2 2 1 Low Security (%) 23 | 100 100 46 60 3 . . 39 77 14 . 2 . Level 1 36 | . . 53 39 25 100 100 60 22 29 8 77 100 Level 2 36 | . . . . 70 . . . . 22 91 20 . Level 3 3 | . . . . . . . . . 33 . . . Level 4 . | . . . . . . . . . . . . . Level 5 . | . . . . . . . . . . . . . High Security . | . . . . . . . . . . . . . Max Security . | . . . . . . . . . . . . . Squads Dispatched 9 | . 1 1 . . . . . 4 . 3 . . Investigation . | . . . . . . . . . . . . . Extermination 2 | . . . . . . . . . . 2 . . Reinforcement 4 | . 1 1 . . . . . 1 . 1 . . Assault . | . . . . . . . . . . . . . Garrison 3 | . . . . . . . . 3 . . . . Intercept . | . . . . . . . . . . . . . Searches Triggered . | . . . . . . . . . . . . . Construction Impeded . | . . . . . . . . . . . . . Haulers Reinforced 1 | . . . . . . . . . . 1 . . Active Scanning Responses . | . . . . . . . . . . . . . Cargo Convoy Interrupts . | . . . . . . . . . . . . . Stealth | -11 -10 -9 -8 -8 -7 -7 -7 -6 -6 -5 -4 -4 --------- Run | Yrd Mat Mat Mat Gar Fac Gar Fac Fac Gar Fac Fac Gar Distress Signals 2 | . . 1 1 . . . . . . . . . Communications Jammed 1 | . . . . . . . . . . 1 . . Distress Signals 1 | . . . . . . . . . . 1 . . Times Spotted 152 | . 2 19 9 13 4 4 3 9 31 15 23 20 Peak Tracking Total 19 | . 2 5 8 5 4 2 3 5 11 5 11 19 Tactical Retreats 15 | . . 1 1 . . 1 . . 5 2 5 . Traps | -11 -10 -9 -8 -8 -7 -7 -7 -6 -6 -5 -4 -4 ------- Run | Yrd Mat Mat Mat Gar Fac Gar Fac Fac Gar Fac Fac Gar Traps Triggered 9 | . . 2 . . . 1 . . . 1 3 2 Indirectly . | . . . . . . . . . . . . . Trap Hack Attempts 8 | . . . . . . . . . . . . 8 Triggered . | . . . . . . . . . . . . . Disarmed 1 | . . . . . . . . . . . . 1 Reprogrammed . | . . . . . . . . . . . . . Reused . | . . . . . . . . . . . . . Traps Extracted . | . . . . . . . . . . . . . Installed . | . . . . . . . . . . . . . Triggered . | . . . . . . . . . . . . . Machines | -11 -10 -9 -8 -8 -7 -7 -7 -6 -6 -5 -4 -4 ---------- Run | Yrd Mat Mat Mat Gar Fac Gar Fac Fac Gar Fac Fac Gar Machines Disabled 13 | . . . . 2 . . 1 5 3 2 . . Max in Single Turn 5 | . . . . 1 . . 1 5 1 1 . . Garrison Relay 3 | . . . . 2 . . . . 1 . . . Phase Generator 1 | . . . . . . . . . 1 . . . Machines Repaired . | . . . . . . . . . . . . . Machines Dismantled . | . . . . . . . . . . . . . Machines Sabotaged . | . . . . . . . . . . . . . Overloaded Fab Kills . | . . . . . . . . . . . . . Hacking | -11 -10 -9 -8 -8 -7 -7 -7 -6 -6 -5 -4 -4 --------- Run | Yrd Mat Mat Mat Gar Fac Gar Fac Fac Gar Fac Fac Gar Machines Accessed 17 | . 1 . 1 2 4 . . 3 1 2 3 . Terminals 9 | . 1 . . 2 2 . . 1 1 1 1 . Fabricators 1 | . . . . . . . . . . . 1 . Repair Stations 1 | . . . . . . . . 1 . . . . Recycling Units 2 | . . . . . 1 . . . . 1 . . Scanalyzers . | . . . . . . . . . . . . . Garrison Access 4 | . . . 1 . 1 . . 1 . . 1 . Total Hacks 24 | . 1 . 1 2 4 . . 6 3 4 3 . Successful 15 | . 1 . 1 2 3 . . 3 . 3 2 . Failed 9 | . . . . . 1 . . 3 3 1 1 . Catastrophic 1 | . . . . . . . . 1 . . . . Database Lockouts . | . . . . . . . . . . . . . Manual 3 | . . . . . . . . 1 . 1 1 . Terminals 12 | . 1 . . 2 2 . . 2 3 1 1 . Fabricators 1 | . . . . . . . . . . . 1 . Repair Stations 3 | . . . . . . . . 3 . . . . Recycling Units 4 | . . . . . 1 . . . . 3 . . Scanalyzers . | . . . . . . . . . . . . . Garrison Access 4 | . . . 1 . 1 . . 1 . . 1 . Terminal Hacks 5 | . 1 . . 2 1 . . 1 . . . . Open Door 1 | . . . . 1 . . . . . . . . Open DSF 1 | . . . . . 1 . . . . . . . Emergency Access Points 1 | . . . . 1 . . . . . . . . Alert Level 1 | . . . . . . . . 1 . . . . Zone Layout 1 | . 1 . . . . . . . . . . . Fabricator Hacks . | . . . . . . . . . . . . . Repair Station Hacks 1 | . . . . . . . . 1 . . . . Scan Component 1 | . . . . . . . . 1 . . . . Recycling Unit Hacks 4 | . . . . . 1 . . . . 3 . . Process 1 | . . . . . . . . . . 1 . . Report Inventory 2 | . . . . . 1 . . . . 1 . . Retrieve Matter 1 | . . . . . . . . . . 1 . . Scanalyzer . | . . . . . . . . . . . . . Garrison Access Hacks 4 | . . . 1 . 1 . . 1 . . 1 . Unlock Access 4 | . . . 1 . 1 . . 1 . . 1 . Unauthorized Hacks 1 | . . . . . . . . . . . 1 . Terminals 1 | . . . . . . . . . . . 1 . Assimilate 1 | . . . . . . . . . . . 1 . Fabricators . | . . . . . . . . . . . . . Repair Stations . | . . . . . . . . . . . . . Recycling Units . | . . . . . . . . . . . . . Scanalyzers . | . . . . . . . . . . . . . Garrison Access . | . . . . . . . . . . . . . Data Cores Recovered . | . . . . . . . . . . . . . Used . | . . . . . . . . . . . . . Hacking Detections 10 | . 1 . 1 1 2 . . 2 1 1 1 . Full Trace Events 1 | . . . . . . . . . 1 . . . Feedback Events . | . . . . . . . . . . . . . Feedback Blocked . | . . . . . . . . . . . . . Robot Schematics Acquired . | . . . . . . . . . . . . . Robots Built . | . . . . . . . . . . . . . Authchips . | . . . . . . . . . . . . . Time . | . . . . . . . . . . . . . Total Robot Build Rating . | . . . . . . . . . . . . . Part Schematics Acquired . | . . . . . . . . . . . . . Parts Built . | . . . . . . . . . . . . . Authchips . | . . . . . . . . . . . . . Time . | . . . . . . . . . . . . . Total Part Build Rating . | . . . . . . . . . . . . . Parts Repaired . | . . . . . . . . . . . . . Time . | . . . . . . . . . . . . . Parts Recycled . | . . . . . . . . . . . . . Recycled Matter 174 | . . . . . . . . . . 174 . . Retrieved Matter 174 | . . . . . . . . . . 174 . . Retrieved Components . | . . . . . . . . . . . . . Parts Scanalyzed . | . . . . . . . . . . . . . Part Schematics Acquired . | . . . . . . . . . . . . . Parts Damaged . | . . . . . . . . . . . . . Bothacking | -11 -10 -9 -8 -8 -7 -7 -7 -6 -6 -5 -4 -4 ------------ Run | Yrd Mat Mat Mat Gar Fac Gar Fac Fac Gar Fac Fac Gar Used RIF Installer 4 | . . . . 2 . 1 . . 1 . . . Signal Jammer 1 | . . . . 1 . . . . . . . . Watcher Feeds 1 | . . . . . . 1 . . . . . . Structural Interface 1 | . . . . . . . . . 1 . . . Robots Hacked . | . . . . . . . . . . . . . Non-combat . | . . . . . . . . . . . . . Combat . | . . . . . . . . . . . . . Robot Hacks Applied . | . . . . . . . . . . . . . Relay Couplers Released 11 | . . . . 8 . . . . 3 . . . Machine Destruction 11 | . . . . 8 . . . . 3 . . . Attached 1 | . . . . . . . . . . . . 1 Fabnet Peak Effective % . | . . . . . . . . . . . . . Robots Rewired 4 | . . . . . . . . . 4 . . . Allies Hacked . | . . . . . . . . . . . . . Hacks Repelled . | . . . . . . . . . . . . . Allies | -11 -10 -9 -8 -8 -7 -7 -7 -6 -6 -5 -4 -4 -------- Run | Yrd Mat Mat Mat Gar Fac Gar Fac Fac Gar Fac Fac Gar Total Allies 9 | . . . . 2 . . . . 6 . 1 . Largest Group 5 | . . . . 2 . . . . 5 . 1 . Highest-Rated Group 197 | . . . . 70 . . . . 197 . 10 . Highest-Rated Ally 95 | . . . . 39 . . . . 95 . 10 . Total Orders . | . . . . . . . . . . . . . Ally Attacks 75 | . . . . 16 . . . . 59 . . . Total Damage 2840 | . . . . 321 . . . . 2519 . . . Kills 23 | . . . . 3 . . . . 20 . . . Allies Corrupted . | . . . . . . . . . . . . . Allies Melted . | . . . . . . . . . . . . . Intel | -11 -10 -9 -8 -8 -7 -7 -7 -6 -6 -5 -4 -4 ------- Run | Yrd Mat Mat Mat Gar Fac Gar Fac Fac Gar Fac Fac Gar Robot Analysis Total . | . . . . . . . . . . . . . Derelict Logs Recovered . | . . . . . . . . . . . . . Drone Launches . | . . . . . . . . . . . . . Drone Recoveries . | . . . . . . . . . . . . . Exploration | -11 -10 -9 -8 -8 -7 -7 -7 -6 -6 -5 -4 -4 ------------- Run | Yrd Mat Mat Mat Gar Fac Gar Fac Fac Gar Fac Fac Gar Turns Passed 4525 | 67 67 340 163 347 191 131 484 476 544 1338 194 183 Spaces Moved 3491 | 55 74 169 231 467 203 212 294 262 234 723 384 183 Core 21 | 4 . . . . . . . . . . . 17 Treads 807 | . . 142 7 . 19 . 221 262 156 . . . Legs 544 | . . . . . . . . . 78 466 . . Wheels 282 | 51 74 27 . . . . . . . 130 . . Hover 853 | . . . 224 467 63 . 69 . . 29 . 1 Flight 984 | . . . . . 121 212 4 . . 98 384 165 Fastest Speed 25 | 50 90 90 48 48 46 46 100 162 162 42 25 35 Average Speed 95 | 89 90 148 53 50 68 48 149 162 177 115 38 57 Slowest Speed 375 | 100 90 160 200 72 375 127 165 163 260 290 106 100 Overloaded Moves . | . . . . . . . . . . . . . Propulsion Burnouts . | . . . . . . . . . . . . . Robots Hopped 16 | . . . . . . . . . . . 11 5 Cave-ins Triggered . | . . . . . . . . . . . . . Exploration Rate (%) 23 | 4 24 20 33 56 6 39 7 9 51 16 11 28 Regions Visited 12 Branch Regions . Pre-discovered Areas . | . . . . . . . . . . . . . Known Exits Taken 4 | . . . 1 . 1 . . 1 . . 1 . Unknown Exits Taken 5 | 1 1 1 . . . . 1 . . 1 . . Scrap Searched . | . . . . . . . . . . . . . Spaces Dug 7 | . . . . . 2 . . . . 5 . . Terrain Destroyed 153 | . . 8 . 15 2 . 11 26 20 70 . 1 Melee 7 | . . . . . 2 . . . . 5 . . Projectile 16 | . . . . . . . . . . 15 . 1 AOE 130 | . . 8 . 15 . . 11 26 20 50 . . Terrain Rammed . | . . . . . . . . . . . . . Walls Destroyed . | . . . . . . . . . . . . . Machines Disabled . | . . . . . . . . . . . . . Actions | -11 -10 -9 -8 -8 -7 -7 -7 -6 -6 -5 -4 -4 --------- Run | Yrd Mat Mat Mat Gar Fac Gar Fac Fac Gar Fac Fac Gar Total 4344 | 72 74 214 273 526 234 234 327 293 299 1156 421 221 Wait 355 | . . . 1 2 . . . 3 3 320 26 . Move 3455 | 54 73 168 231 466 202 210 293 262 233 722 366 175 Hop 10 | . . . . . . . . . . . 7 3 Pick Up 89 | 12 1 7 14 2 2 . 10 10 9 12 4 6 Fast Attach 44 | . . 2 3 7 5 1 2 . . 16 5 3 Attach 64 | 6 . 5 3 3 3 . 5 6 10 12 6 5 Detach 15 | . . . 3 2 2 . 2 1 . 3 2 . Swap 32 | . . 1 4 4 4 . 4 2 6 6 . 1 Drop 62 | . . 4 13 7 3 1 4 1 1 23 5 . Fire 129 | . . 26 1 14 4 . 6 8 20 32 . 18 Melee 60 | . . . . 19 9 4 1 . 17 10 . . Ram 1 | . . . . . . . . . . . . 1 Kick . | . . . . . . . . . . . . . Crush 1 | . . 1 . . . . . . . . . . Escape Stasis 19 | . . . . . . 18 . . . . . 1 Rewire . | . . . . . . . . . . . . . Trap 8 | . . . . . . . . . . . . 8 Miscellaneous . | . . . . . . . . . . . . . Route ------- -11/Scrapyard -10/Materials -9/Materials -8/Materials -8/Garrison -7/Factory -7/Garrison -7/Factory -6/Factory -6/Garrison -5/Factory -4/Factory -4/Garrison History --------- Turn | Location | Event 38 | -11/Scrapyard | Discovered new exit (range 15) 68 | -11/Scrapyard | Entered Materials 103 | -10/Materials | Discovered new exit (range 14) 135 | -10/Materials | Entered another Materials area 135 | -9/Materials | Evolved 2 slots: Propulsion x2 318 | -9/Materials | Build established: Mutant 398 | -9/Materials | Discovered new exit (range 16) 475 | -9/Materials | Entered another Materials area 475 | -8/Materials | Evolved 2 slots: Power x1, Utility x1 638 | -8/Materials | Identified exit to Garrison 638 | -8/Materials | Entered Garrison 687 | -8/Garrison | Garrison Relay disabled 711 | -8/Garrison | Rescued a captive Derelict 713 | -8/Garrison | Rescued a captive Derelict 784 | -8/Garrison | Spotted B-75 Beast 800 | -8/Garrison | Triggered checkpoint 852 | -8/Garrison | Triggered checkpoint 866 | -8/Garrison | Discovered new exit (range 3) 882 | -8/Garrison | Installed Relay Interface Framework 929 | -8/Garrison | Spotted B-75 Beast 954 | -8/Garrison | Expanded RIF knowledge: Signal Jamming 962 | -8/Garrison | Garrison Relay disabled 985 | -8/Garrison | Entered Factory 985 | -7/Factory | Evolved 2 slots: Propulsion x1, Utility x1 1090 | -7/Factory | Lost 4 parts (3n1w) 1174 | -7/Factory | Identified exit to Garrison 1176 | -7/Factory | Entered Garrison 1189 | -7/Garrison | Expanded RIF knowledge: Watcher Feeds 1270 | -7/Garrison | Triggered checkpoint 1288 | -7/Garrison | Triggered checkpoint 1299 | -7/Garrison | Discovered new exit (range 10) 1307 | -7/Garrison | Entered Factory 1783 | -7/Factory | Discovered new exit (range 5) 1791 | -7/Factory | Entered another Factory area 1791 | -6/Factory | Evolved 2 slots: Propulsion x1, Weapon x1 2026 | -6/Factory | Garrison activated, responded to threat 2115 | -6/Factory | Lost 4 parts (2p1n1w) 2267 | -6/Factory | Identified exit to Garrison 2267 | -6/Factory | Entered Garrison 2357 | -6/Garrison | Found embedded Infiltrators 2453 | -6/Garrison | Triggered checkpoint 2482 | -6/Garrison | Triggered checkpoint 2495 | -6/Garrison | Triggered checkpoint 2569 | -6/Garrison | Triggered checkpoint 2617 | -6/Garrison | Lost 6 parts (1p2n3w) 2631 | -6/Garrison | Garrison Relay disabled 2633 | -6/Garrison | Phase Generator disabled 2708 | -6/Garrison | Expanded RIF knowledge: Structural Interface 2725 | -6/Garrison | Discovered new exit (range 15) 2811 | -6/Garrison | Entered Factory 2811 | -5/Factory | Evolved 2 slots: Utility x1, Weapon x1 2820 | -5/Factory | Lost 5 allies 3120 | -5/Factory | Build established: Scavenger-Gunner 3774 | -5/Factory | Build established: Scavenger-Tank 3999 | -5/Factory | System corruption reached 10% 4029 | -5/Factory | Lost 8 parts (2p3n1u2w) 4145 | -5/Factory | Discovered new exit (range 9) 4149 | -5/Factory | Entered another Factory area 4149 | -4/Factory | Evolved 2 slots: Power x1, Utility x1 4238 | -4/Factory | Lost 6 parts (1p1n3u1w) 4295 | -4/Factory | Build established: Mutant 4299 | -4/Factory | Lost 6 parts (4n2u) 4339 | -4/Factory | Spotted B-86 Titan 4343 | -4/Factory | Identified exit to Garrison 4343 | -4/Factory | Entered Garrison 4417 | -4/Garrison | Triggered checkpoint 4481 | -4/Garrison | Lost 4 parts (2n2w) 4508 | -4/Garrison | Spotted B-86 Titan 4515 | -4/Garrison | Core integrity fell below 50% 4524 | -4/Garrison | Core integrity fell below 20% 4526 | -4/Garrison | Destroyed by S-27 Virus with Autogun Last Messages --------------- 04514_ Authchip [R/Combat] destroyed. 04514_ Imp. Cryofiber Web destroyed. 04515_ Slug penetrates Wall. 04517_ RIF reveals location of phase wall. 04519_ System corrupted: Heat flow error (+286). 04521_ Slammed into S-27 Virus. 04521_ Destabilizing: System corrupted (+1). 04522_ S-27 Virus destroyed. 04523_ Relay Coupler [NC] destroyed. 04523_ Mic. Fission Core destroyed. 04523_ S-27 Virus destroyed. 04524_ Slug penetrates Wall. 04524_ Slug penetrates Reinforced Barrier. 04524_ Acquired VTOL Module. 04525_ Penetrated by Slug. 04526_ RIF reveals location of phase wall. 04526_ Triggered Stasis Trap. 04526_ A bubble of rippling energy engulfs the area. 04526_ Field strength at 95. 04526_ Field strength at 80. Map ----- +----------------------------------------------------+ | ???????????????????????????????????# #????????### | | ???????????????????????????????????# #????????# | | ???????????????????????????????????# #????????#!! | | ????????????????????????########+### ##########+# | | ????????????????????????# + | | ????????????????????????# #### ####+# | | ????????????????????????# #####+##### #??# #??# | | ????????????????????????# #???# #???# #?##"##?# | | ????????????????????????# #???# #???# #?#! !#?### | | ????????????????????????# #???# #???# ### ##### | | ????????????????????????# ##### #???# | | ????????????????????????# + #??##+#### ###### | | ????????????????????????# #######??# #??# #????? | | ??????????????????#####?# #????????## #??# #????? | | ??????????????????# ?# #?????????# #??# #????? | | ??????????????##+## ## ##????????# #??# #????? | | ?????????????# p ########## #### #????? | | ???????????? p; " ###### | | ???????????? h p#### #######??# # [[# | | ????????????## ## ;# #??# #????????# # | | ?????????????# ## ;; h ####%#????????###!!!!# | | ?????????????" sssss #??????????###### | | ?????????????" BB =%* ####???????????????? | | ?????????????" BB %[#??????????????????? | | ?????????????" s #??????????????????? | | ?????????????# ## ##@ ###??????????????????? | | ??????????????? ??# ?# #????????????????????? | | ????????????????? ? ???????????????????? | | ??????????????? ?????????????????? | | ??????????????????? ###+#????????????????? | | ????????????????????"""###+##????????????????????? | | ?????????????????????????????????????????????????? | | ?????????????????????????????????????????????????? | | ?????????????????????????????????????????????????? | | ?????????????????????????????????????????????????? | | ?????????????????????????????????????????????????? | | ?????????????????????????????????????????????????? | | ?????????????????????????????????????????????????? | | ?????????????????????????????????????????????????? | | ?????????????????????????????????????????????????? | | ?????????????????????????????????????????????????? | | ?????????????????????????????????????????????????? | | ?????????????????????????????????????????????????? | | ?????????????????????????????????????????????????? | | ?????????????????????????????????????????????????? | | ?????????????????????????????????????????????????? | | ?????????????????????????????????????????????????? | | ?????????????????????????????????????????????????? | | ?????????????????????????????????????????????????? | | ?????????????????????????????????????????????????? | +----------------------------------------------------+ Best States ------------- Heat Dissipation 81 Coolant Potential 145 Energy Generation 27 Energy Capacity 350 Matter Stores 300 Matter Capacity 300 Sight Range 18 Terrain Scan Density 10 Jamming Range 14 Power Amplification 30 Base Temperature (-) 150 Armor Coverage 150 Evasion (%) 65 Recoil Reduction 4 Salvage Targeting 3 Defensive Hacking 14 Relay Coupler Types 1 Relay Coupler Value 39 Authchip Count 2 Item Schematics ----------------- None Robot Schematics ------------------ None Fabricated ------------ Nothing Alien Tech Used ----------------- None Achievements -------------- None Challenges ------------ None Game ------ Seed MissileRefineryPendant Manual? 0 Play Time 01:14:20 Cumulative 144.3 hours Start 2024.09.01 @ 19:39:18 End 2024.09.02 @ 22:41:31 Sessions 5 Manual Loads 0 Difficulty Rogue Special Mode None Game No. 204 Rogue 204 Adventurer 0 Explorer 0 Win Type - Total 0 Types 0/0/0/0/0/0/0/0/0 Lore% 31 Gallery% 59 Achievement% 40 Wizard Run 0 Options --------- Layout 0 ASCII 0 Keyboard 0 Movement Mouse Keybinds 0 Fullscreen 1 Font 24/Smallcaps Map View 76x50 Zoom Use 0% Tactical HUD 1 Map Filters NONE Filters NONE Steam 1 RUN: 09c3fc2f-9510-4548-8184-cc37621f7a66